 Dungeon Crawl Stone Soup version 0.30-a0-1082-g70414cbcbb (webtiles) character file.

Game seed: 7087672520626848107

2310 Glaciallarry the Carver (level 9, -4/78 HPs)
             Began as a Merfolk Gladiator on Apr 15, 2023.
             Was an Initiate of the Shining One.
             Killed by divine providence
             ... invoked by an orc priest
              (13 damage)
             ... on level 8 of the Dungeon.
             The game lasted 00:15:54 (7257 turns).

Glaciallarry the Carver (Merfolk Gladiator)         Turns: 7257, Time: 00:15:55

Health: -4/78      AC:  8    Str: 20    XL:     9   Next: 41%
Magic:  9/9        EV: 14    Int:  7    God:    the Shining One [......]
Gold:   395        SH:  0    Dex: 20    Spells: 8/8 levels left

rFire   . . .      SeeInvis +    a - +0 long sword
rCold   . . .      Faith    .    (no shield)
rNeg    . . .      Spirit   .    u - +0 ring mail
rPois   .          Reflect  .    p - +0 helmet
rElec   .          Rampage  .    (no cloak)
rCorr   .                        J - +0 pair of gloves
Will    .....                    (no boots)
Stlth   +                        (no amulet)
HPRegen 0.33/turn                G - ring of see invisible
MPRegen 0.11/turn                b - +6 ring of strength

@: glowing
A: (nimble swimmer 2), mertail, shaggy fur 1
a: Renounce Religion


You were on level 8 of the Dungeon.
You worshipped the Shining One.
The Shining One was noncommittal.
You visited 1 branch of the dungeon, and saw 8 of its levels.
You also visited: Ossuary.

You collected 395 gold pieces.

Inventory:

Hand Weapons
 a - a +0 long sword (weapon)
 w - a +2 short sword of flaming
Missiles
 d - 3 throwing nets (quivered)
 m - 4 javelins
 I - 4 poisoned darts
Armour
 h - a +0 chain mail
 p - a +0 helmet (worn)
 r - a +0 scale mail
 u - a +0 ring mail (worn)
 J - a +0 pair of gloves (worn)
Jewellery
 b - a +6 ring of strength (right hand)
 v - a ring of ice
 G - a ring of see invisible (left hand)
Wands
 c - a wand of polymorph (8)
 l - a wand of iceblast (5)
Scrolls
 i - 2 scrolls of magic mapping
 j - 3 scrolls of immolation
 k - 4 scrolls of teleportation
 n - a scroll of poison {unknown}
 o - 2 scrolls of fear {unknown}
 q - 2 scrolls of noise {unknown}
 s - 3 scrolls of enchant armour {unknown}
 y - 2 scrolls of enchant weapon {unknown}
 z - a scroll of vulnerability {unknown}
 A - a scroll of torment {unknown}
 H - a scroll of blinking {unknown}
Potions
 e - 3 potions of curing
 f - 2 potions of heal wounds
 g - 3 potions of mutation
 t - a potion of haste {unknown}
 x - 3 potions of flight
 B - 2 potions of attraction
 C - 3 potions of brilliance
 D - a potion of invisibility {unknown}
 F - a potion of resistance
 K - a potion of degeneration {unknown}


   Skills:
 - Level 10.0 Fighting
 - Level 10.0 Long Blades
 - Level 2.0 Throwing
 + Level 5.0 Dodging
 - Level 3.0 Stealth


You had 8 spell levels left.
You didn't know any spells.
Your spell library contained the following spells:

 Spells                   Type           Power      Damage    Failure   Level
 Magic Dart               Conj           0%         1d3       63%         1
 Call Imp                 Summ           0%         N/A       77%         2
 Lesser Beckoning         Tloc           0%         N/A       77%         2
 Gell's Gravitas          Tloc           0%         N/A       94%         3
 Mephitic Cloud           Conj/Pois/Air  0%         N/A       94%         3
 Teleport Other           Tloc           0%         N/A       94%         3
 Leda's Liquefaction      Hex/Erth       0%         N/A       100%        4
 Passage of Golubria      Tloc           0%         N/A       100%        4
 Lee's Rapid Deconstruct  Erth           0%         3d4*      100%        5
 Silence                  Hex/Air        0%         N/A       100%        5
 Dispersal                Tloc           0%         N/A       100%        6
 Statue Form              Tmut/Erth      0%         N/A       100%        6


Dungeon Overview and Level Annotations

Branches:
Dungeon (8/15)             Temple (0/1) D:7            Lair (0/5) D:8
Ossuary (visited)

Altars:
Nemelex Xobeh
Uskayaw
Vehumet
The Shining One


Innate Abilities, Weirdness & Mutations

((You are very nimble when in or above water. (Stealth+, EV+, Speed+++)))
Your lower body shifts to a powerful aquatic tail in water.
You are covered in fur. (AC +1)


Message History

You barely miss the warg.
The warg is moderately wounded.
The warg bites you but does no damage.
You barely miss the warg.
The warg is moderately wounded.
The warg bites you.
* * * LOW HITPOINT WARNING * * *
The orc priest casts a cantrip, but nothing happens.
You feel much better. The warg bites you! The warg closely misses you.
Okay, then.
You slash the warg!
The warg is severely wounded.
The warg barely misses you.
You hit the warg.
The warg is almost dead.
The warg bites you!
* * * LOW HITPOINT WARNING * * *
You barely miss the warg.
The warg is almost dead.
The orc priest miscasts a cantrip.
The warg completely misses you.
You hit the warg.
The warg is almost dead.
The warg closely misses you.
You hit the warg.
The warg is almost dead.
The warg closely misses you. The warg misses you.
You hit the warg.
You kill the warg!
Your Dodging skill increases to level 5!
You slash the orc priest!
The orc priest is severely wounded.
The orc priest calls down the wrath of Beogh upon you.
Beogh smites you!
* * * LOW HITPOINT WARNING * * *
You hit the orc priest.
The orc priest is almost dead.
The orc priest invokes the aid of Beogh against you.
Beogh smites you!
You die...

. .. ... # .P.(
#.#### .....
#....####......
...######...@oo...>.
.........⌠.⌠##......
.####..._..# .....
#.#⌠.⌠..# ....
######.#...#.# ...
#......#.#.#.# ..
### #.######.#.#.# .
#.###.#### #.#.# #
#........# .....


You could see an orc priest and an orc wizard (invisible).

Vanquished Creatures
  A wraith (Ossuary)
  A wyvern (D:7)
  2 wargs (D:8)
  A water moccasin (D:6)
  A black bear (D:4)
  An orc warrior (D:8)
  An ice beast (D:6)
  An ogre (D:4)
  A phantom (D:5)
  A scorpion (D:6)
  3 wights (D:7)
  8 hounds
  A gnoll bouda (D:6)
  A quasit (D:6)
  5 orc priests
  2 human skeletons (D:5)
  2 iguanas
  6 orc wizards
  3 mummies (Ossuary)
  9 adders
  6 gnolls
  A worm (D:3)
  2 dart slugs (D:1)
  23 orcs
  4 endoplasms
  2 giant cockroaches
  3 goblins
  8 hobgoblins
  8 jackals (D:3)
  3 quokkas
  7 ball pythons
  6 bats
  3 frilled lizards
  A goblin skeleton (D:6)
  4 goblin zombies
  6 hobgoblin zombies
  7 kobolds
  A kobold skeleton (D:6)
  2 kobold zombies
  2 orc skeletons
  5 orc zombies
  12 rats
167 creatures vanquished.

Vanquished Creatures (others)
  A rat (D:1)
  A plant (D:8)
2 creatures vanquished.

Grand Total: 169 creatures vanquished

Notes
Turn   | Place    | Note
-------+----------+-------------------------------------------
     0 | D:1      | Glaciallarry the Merfolk Gladiator began the quest for the
                  | Orb.
     0 | D:1      | Reached XP level 1. HP: 16/16 MP: 1/1
    20 | D:1      | You fall into a shaft and drop 1 floor!
    20 | D:2      | Found a radiant altar of Vehumet.
   145 | D:2      | Reached XP level 2. HP: 21/22 MP: 2/2
   301 | D:1      | Reached skill level 5 in Long Blades
   301 | D:1      | Reached XP level 3. HP: 17/27 MP: 3/3
  1234 | D:2      | Reached XP level 4. HP: 20/33 MP: 4/4
  1878 | D:3      | Reached XP level 5. HP: 38/38 MP: 5/5
  2478 | D:3      | Reached XP level 6. HP: 33/44 MP: 6/6
  2656 | D:4      | Noticed a black bear
  2667 | D:4      | Killed a black bear
  2793 | D:4      | Reached XP level 7. HP: 25/55 MP: 7/7
  2960 | D:4      | Reached skill level 5 in Fighting
  3137 | D:4      | Reached skill level 1 in Stealth
  3833 | D:5      | Entered Level 5 of the Dungeon
  3955 | D:5      | Found a sand-covered staircase.
  4002 | Ossuary  | Entered an ossuary
  4002 | Ossuary  | Noticed a wraith
  4002 | Ossuary  | Noticed a wraith
  4002 | Ossuary  | Noticed a wraith
  4168 | Ossuary  | Noticed a wraith
  4171 | Ossuary  | Gained mutation: You are covered in fur. (AC +1) [potion of
                  | mutation]
  4185 | Ossuary  | Killed a wraith
  4186 | Ossuary  | Reached XP level 8. HP: 39/64 MP: 8/8
  4576 | D:5      | Identified the +4 sling of Moxzos {drain, rC+ rCorr}
  4612 | D:5      | Identified the +3 whip of Crusades {drain, rElec rC++}
  5449 | D:6      | Reached skill level 10 in Long Blades
  5520 | D:6      | Found a glowing golden altar of the Shining One.
  5554 | D:6      | Became a worshipper of the Shining One
  5950 | D:6      | Got the Commentary on the Elliptic Oath
  6321 | D:7      | Found a staircase to the Ecumenical Temple.
  6480 | D:7      | Reached XP level 9. HP: 71/75 MP: 9/9
  6742 | D:7      | Found a hide-covered altar of Uskayaw.
  7205 | D:8      | Found a sparkling altar of Nemelex Xobeh.
  7210 | D:8      | Found a staircase to the Lair.
  7241 | D:8      | Reached skill level 10 in Fighting
  7256 | D:8      | Reached skill level 5 in Dodging
  7257 | D:8      | Killed from afar by an orc priest

Illustrated notes

Levels and vault maps discovered:
D:1:      zaba_arrival_water, layout_basic
D:2:      layout_loops_ring, basic_altar
D:3:      minmay_recursive_quarters, layout_loops_ring
D:4:      layout_loops_corners
D:5:      layout_loops_ring, nicolae_ossuary_entry_catacombs,
          hangedman_decor_riveting, minmay_misc_feat_diagonals
D:6:      layout_basic, nicolae_tso_besieged_by_evil
D:7:      layout_basic, nicolae_uskayaw_dance_hall, minmay_temple_entry_ruins
D:8:      layout_basic, nemelex_xobeh_ov_fountains_minmay,
          erik_lair_orcish_takeover, minmay_radiant, uniq_prince_ribbit1

Skill      XL: |  1  2  3  4  5  6  7  8  9 |
---------------+----------------------------+-----
Long Blades    | 4 5 6 7 8 10 | 10.0
Fighting       | 4 6 8 10 | 10.0
Stealth        | 3 |  3.0
Dodging        | 5 |  5.0
Throwing       | |  2.0

Action                     |  1- 3 |  4- 6 |  7- 9 || total
---------------------------+-------+-------+-------++-------
  Melee: Long sword        |    99 |     6 |    16 ||   121
         Punch             |     2 |     3 |     5 ||    10
         Dagger            |       |   146 |   120 ||   266
         Short sword       |       |       |   246 ||   246
  Throw: Throwing net      |     3 |     4 |       ||     7
         Javelin           |     1 |       |     2 ||     3
         Dart              |       |       |     4 ||     4
  Evoke: Wand              |       |     2 |     1 ||     3
    Use: Potion            |       |       |    10 ||    10
         Scroll            |       |       |     5 ||     5
   Stab: Sleeping          |     2 |     1 |     2 ||     5
         Distracted        |       |     1 |       ||     1
 Armour: Leather armour    |    41 |    23 |       ||    64
         Ring mail         |       |    22 |   106 ||   128
  Dodge: Dodged            |    90 |    69 |   155 ||   314

Table legend: (Time is in decaauts)
 A = Elapsed time spent in this place.
 B = Non-inter-level travel time spent in this place.
 C = Inter-level travel time spent in this place.
 D = Time resting spent in this place.
 E = Time spent auto-exploring this place.
 F = Levels seen in this place.
 G = Mean time per level.
                   A        B        C        D        E       F      G
               +--------+--------+--------+--------+--------+-----+--------+
         Total |   7153 |   6938 |    215 |    595 |   4748 |   9 |  794.8 |
       Dungeon |   6615 |   6400 |    215 |    456 |   4483 |   8 |  826.9 |
       Ossuary |    538 |    538 |      0 |    139 |    265 |   1 |  538.0 |
               +--------+--------+--------+--------+--------+-----+--------+

Top non-repeatable levels by time:
     D:4: 1196 daAuts
     D:5: 1001 daAuts
     D:3: 971 daAuts
     D:7: 908 daAuts
     D:6: 850 daAuts
     D:1: 847 daAuts
     D:2: 779 daAuts
 Ossuary: 538 daAuts
     D:8: 60 daAuts
